 Dungeon Crawl Stone Soup version 0.24.0-41-g2ae2f7f1be (webtiles) character file.

Game seed: 9273943018630118937, levelgen mode: deterministic

1058 H0rd4k the Thaumaturge (level 8, -1/41 HPs)
             Began as a Deep Elf Wizard on Dec 10, 2019.
             Slain by a killer bee zombie (6 damage)
             ... in an ossuary.
             The game lasted 00:15:59 (5094 turns).

H0rd4k the Thaumaturge (Deep Elf Wizard)            Turns: 5094, Time: 00:16:00

Health: -1/41      AC:  7    Str:  4    XL:     8   Next: 6%
Magic:  1/23       EV: 14    Int: 26    God:
Gold:   239        SH:  0    Dex: 20    Spells: 17/26 levels left

rFire    . . .     SeeInvis .   t - +3 war axe "Suez Rae" {elec, Dex+7}
rCold    . . .     Gourm    .   (no shield)
rNeg     . . .     Faith    .   a - +0 robe
rPois    .         Spirit   .   k - +2 helmet
rElec    .         Reflect  .   i - +1 cloak
rCorr    .         Harm     .   (no gloves)
MR       +....                  (no boots)
Stlth    ++........             o - amulet of rage
HPRegen  0.13/turn              h - ring of flight
MPRegen  0.18/turn              c - ring of protection from magic

@: about to teleport, very slightly contaminated, very slow
A: no striking features
a: Evoke Berserk Rage, Evoke Flight


You were in an ossuary.
You were not hungry.

You visited 1 branch of the dungeon, and saw 6 of its levels.
You also visited: Ossuary.

You collected 239 gold pieces.

Inventory:

Hand Weapons
 t - the +3 war axe "Suez Rae" (weapon) {elec, Dex+7}
   (You found it on level 4 of the Dungeon)

   Occasionally, upon striking a foe, it will discharge some electrical energy
   and cause terrible harm.
   It affects your dexterity (+7).
Armour
 a - a +0 robe (worn)
 b - a +0 hat
 i - a +1 cloak (worn)
 k - a +2 helmet (worn)
Jewellery
 c - a ring of protection from magic (right hand)
 h - a ring of flight (left hand)
 o - an amulet of rage (around neck)
Wands
 n - a wand of digging (3)
Scrolls
 f - 4 scrolls of remove curse
 g - a scroll of fog
 j - a scroll of fear
 m - a scroll of enchant weapon
 p - 2 scrolls of immolation
 r - a scroll of magic mapping
Potions
 l - a potion of might
 s - a potion of haste
 u - 3 potions of berserk rage
Comestibles
 d - 9 rations


   Skills:
 + Level 0.1 Fighting
 + Level 3.3 Dodging
 + Level 3.8 Stealth
 + Level 9.6 Spellcasting
 + Level 6.0 Conjurations
   Level 1.1 Summonings
 + Level 1.6 Translocations
 + Level 0.5 Fire Magic
 + Level 1.1 Air Magic
 + Level 0.7 Poison Magic


You had 17 spell levels left.
You knew the following spells:

 Your Spells              Type           Power        Failure   Level  Hunger
a - Magic Dart            Conj           ####         1%          1    None
b - Blink                 Tloc           N/A          3%          2    None
c - Conjure Flame         Conj/Fire      ####....     3%          3    None
d - Mephitic Cloud        Conj/Pois/Air  ####....     4%          3    None

Your spell library contained the following spells:

 Spells                   Type           Power        Failure   Level  Hunger
 Call Imp                 Summ           ###.....     4%          2    None
 Slow                     Hex            ##......     8%          2    None


Dungeon Overview and Level Annotations

Branches:
Dungeon (6/15)            Ossuary (1/1)
 Temple: D:4-7

Altars:
Cheibriados
Dithmenos
Ru
Trog
Uskayaw
Wu Jian
Xom
Zin

Annotations:
D:1 exclusion: downstairs
D:3 exclusion: downstairs, Sigmund
D:4 exclusion: 2 downstairs
D:5 exclusion: downstairs, Eustachio
D:6 Edmund


Message History

* * * LOW HITPOINT WARNING * * *
As you read the scroll labeled NUJICO FUAG DOI, it crumbles to dust.
The dust glows shining blue!
It was a scroll of random uselessness.
The worker ant zombie bites you.
* * * LOW HITPOINT WARNING * * *
The bullfrog zombie closely misses you.
Okay, then.
The killer bee zombie hits you but does no damage.
Okay, then.
As you read the scroll labeled LUUKIR ADED, it crumbles to dust.
You feel strangely unstable.
It was a scroll of teleportation.
The killer bee zombie closely misses you.
The bullfrog zombie hits you but does no damage.
The killer bee zombie hits you but does no damage.
The bullfrog zombie hits you but does no damage.
The mummy barely misses you.
You enter the shallow water.
Moving in this stuff is going to be slow.
The killer bee zombie hits you.
You die...

#.# .# ##≈## ##≈≈ +.+
.+ ≈M.P#≈≈≈
##.#####M#####M≈#≈≈#
.'.#..∩#M#...#≈.P≈#
##.'.∩.#.#.P.≈≈≈≈≈#
.'.#...#M# #.ZP# #
##.#####.#####.#M# #≈#
.'.........≈.≈ZZ.#≈≈≈#
##'#'#'#'#M≈.≈≈Z@≈#
#.#.#.#Z#.≈.≈PZ#≈#
#################≈# ##


You could see 2 mummies, 2 bog mummies, 3 bullfrog zombies, a worker ant zombie
and a killer bee zombie.

Vanquished Creatures
  Menkaure (D:4)
  An orc warrior (D:6)
  A black bear (D:6)
  2 bullfrogs (D:6)
  A wyvern zombie (Ossuary)
  A howler monkey (D:5)
  A quasit (D:6)
  3 hounds
  3 orc priests
  Natasha (thrice) (D:4)
  A worker ant (D:4)
  A hound skeleton (D:5)
  3 mummies (Ossuary)
  8 adders
  A shadow imp (D:6)
  An adder skeleton (D:6)
  7 worms
  3 dart slugs
  8 leopard geckos
  7 orcs
  A giant cockroach (D:2)
  7 goblins
  15 hobgoblins
  4 jackals
  9 kobolds
  2 quokkas
  3 ball pythons
  10 bats
  4 frilled lizards
  8 rats
120 creatures vanquished.

Notes
Turn   | Place    | Note
-------+----------+-------------------------------------------
     0 | D:1      | H0rd4k the Deep Elf Wizard began the quest for the Orb.
     0 | D:1      | Reached XP level 1. HP: 10/10 MP: 7/7
   106 | D:1      | Found a bloodstained altar of Trog.
   132 | D:1      | Reached skill level 5 in Spellcasting
   207 | D:1      | Reached XP level 2. HP: 15/15 MP: 6/10
   874 | D:2      | Reached XP level 3. HP: 19/19 MP: 8/12
   878 | D:2      | Learned a level 2 spell: Blink
   882 | D:2      | Learned a level 3 spell: Conjure Flame
   886 | D:2      | Learned a level 3 spell: Mephitic Cloud
  1427 | D:2      | Reached skill level 6 in Spellcasting
  1458 | D:2      | Reached XP level 4. HP: 18/24 MP: 4/14
  1871 | D:2      | Found a glowing silver altar of Zin.
  1874 | D:2      | Found a hide-covered altar of Uskayaw.
  1876 | D:2      | Found a shadowy altar of Dithmenos.
  2276 | D:2      | Found a sacrificial altar of Ru.
  2454 | D:3      | Reached XP level 5. HP: 28/28 MP: 8/16
  2795 | D:3      | Found an ornate altar of the Wu Jian Council.
  2884 | D:3      | Found a shimmering altar of Xom.
  2885 | D:3      | Found a shimmering altar of Xom.
  2885 | D:3      | Found a shimmering altar of Xom.
  3101 | D:3      | Found a shimmering altar of Xom.
  3165 | D:3      | Noticed Sigmund
  3193 | D:3      | Found a shimmering altar of Xom.
  3193 | D:3      | Found a shimmering altar of Xom.
  3255 | D:4      | Noticed Menkaure
  3290 | D:4      | Killed Menkaure
  3290 | D:4      | Reached skill level 7 in Spellcasting
  3290 | D:4      | Reached XP level 6. HP: 32/32 MP: 8/18
  3463 | D:4      | Noticed Natasha
  3469 | D:4      | Killed Natasha
  3473 | D:4      | Noticed Natasha
  3478 | D:4      | Killed Natasha
  3914 | D:2      | Found a snail-covered altar of Cheibriados.
  4298 | D:4      | Noticed Natasha
  4303 | D:4      | Killed Natasha
  4303 | D:4      | Reached skill level 8 in Spellcasting
  4303 | D:4      | Reached XP level 7. HP: 36/36 MP: 13/20
  4318 | D:4      | Got a slimy war axe
  4319 | D:4      | Identified the cursed +3 war axe "Suez Rae" {elec, Dex+7}
                  | (You found it on level 4 of the Dungeon)
  4448 | D:5      | Entered Level 5 of the Dungeon
  4448 | D:5      | Noticed Eustachio
  4484 | D:5      | Reached skill level 5 in Conjurations
  4576 | D:6      | Noticed Edmund
  4860 | D:6      | Reached skill level 9 in Spellcasting
  4860 | D:6      | Reached skill level 1 in Air Magic
  5023 | D:6      | Found a sand-covered staircase.
  5032 | Ossuary  | Entered an ossuary
  5047 | Ossuary  | Reached XP level 8. HP: 13/41 MP: 6/23
  5094 | Ossuary  | Slain by a killer bee zombie

Levels and vault maps discovered:
D:1:      psy_arrival_statuary, layout_loops_ring, minmay_hexomino_r4
D:2:      layout_basic, nicolae_overflow_hidden_temple, minmay_crystal_room
D:3:      layout_loops_ring, overflow_temple_1_default, first_ration,
          xom_redecorated, uniq_sigmund
D:4:      layout_basic, minivault_4, uniq_natasha, uniq_menkaure
D:5:      layout_cave_pools, minmay_temple_entry_enclosed_plants,
          grunt_ministairs_1, hangedman_decor_growths, uniq_eustachio
D:6:      layout_loops_ring, nicolae_ossuary_entry_ruins, uniq_edmund
Ossuary:  ossuary_zaba_flooded

Skill      XL: |  1  2  3  4  5  6  7  8 |
---------------+-------------------------+-----
Spellcasting   | 5 6 7 8 9 |  9.6
Conjurations   | 2 3 4 5 6 |  6.0
Stealth        | 3 |  3.8
Dodging        | 3 |  3.3
Air Magic      | 1 |  1.1
Fighting       | |  0.1
Summonings     | |  1.1
Translocations | |  1.6
Fire Magic     | |  0.5
Poison Magic   | |  0.7

Action                   |  1- 3 |  4- 6 |  7- 9 || total
-------------------------+-------+-------+-------++-------
 Cast: Magic Dart        |   109 |   195 |    76 ||   380
       Blink             |       |     4 |     5 ||     9
       Conjure Flame     |       |     3 |     7 ||    10
       Mephitic Cloud    |       |     3 |     6 ||     9
  Use: Potion            |       |     1 |     1 ||     2
       Scroll            |       |       |    12 ||    12
  Eat: Chunk             |     1 |     9 |     2 ||    12
Armor: Robe              |       |    12 |    18 ||    30
Dodge: Dodged            |     3 |    20 |    53 ||    76
